[Event "ICCopen2017"]
[Site "Internet Chess Club"]
[Date "2017.03.25"]
[Round "5"]
[White "achessman"]
[Black "M-Ezat"]
[Result "0-1"]
[ICCResult "White resigns"]
[WhiteElo "1738"]
[BlackElo "2211"]
[Opening "Caro-Kann: exchange variation"]
[ECO "B13"]
[NIC "CK.02"]
[Time "14:53:14"]
[TimeControl "180+0"]

1. e4 c6 2. d4 d5 3. exd5 cxd5 4. Bd3 Nc6 5. c3 Qc7 6. Nf3 Bg4 7. h3 Bh5 8.
O-O e6 9. Re1 Nf6 10. Bg5 Be7 11. Nbd2 O-O 12. Qc2 Bg6 13. Ne5 Nb4 14. cxb4
Qxc2 15. Bxc2 Bxc2 16. Rac1 Rfc8 17. f3 Bxb4 18. a3 Ba5 19. Re2 Ne8 20. Be7
f6 21. Nf1 Bf5 22. g4 Rxc1 23. gxf5 fxe5 24. dxe5 exf5 25. Kg2 d4 26. b4 Bb6
27. Ng3 d3 28. Rd2 Rc2 29. Nf1 Be3 30. Nxe3 Rxd2+ {White resigns} 0-1

[Event "ICCopen2017"]
[Site "Internet Chess Club"]
[Date "2017.03.25"]
[Round "5"]
[White "TZ700A"]
[Black "P10"]
[Result "0-1"]
[ICCResult "White forfeits on time"]
[WhiteElo "1288"]
[BlackElo "1532"]
[Opening "Sicilian"]
[ECO "B50"]
[NIC "SI.01"]
[Time "14:51:21"]
[TimeControl "180+0"]

1. e4 c5 2. Nf3 d6 3. Bc4 Nc6 4. O-O g6 5. d4 cxd4 6. Nxd4 Bg7 7. Nxc6 bxc6
8. Nc3 Nf6 9. Bg5 O-O 10. Re1 Nd7 11. Qd3 Ne5 12. Qe2 Nxc4 13. Qxc4 Qc7 14.
Nd5 Qb7 15. Nxe7+ Kh8 16. Nxc6 Be6 17. Qa4 Bd7 18. Na5 Qc7 19. Qa3 Rfc8 20.
Nb3 a5 21. Be7 Bf8 22. Bxf8 Rxf8 23. Nd4 Rfe8 24. Qg3 Ra6 25. c3 Qb7 26. b3
Rxe4 27. Rxe4 Qxe4 28. Qe3 Qxe3 29. fxe3 Kg7 30. Rd1 Kf6 31. Nf3 Bg4 32. h3
Bxf3 33. gxf3 a4 34. bxa4 Rxa4 35. Rd2 Ra3 36. Rc2 Ke5 37. Kf2 f5 38. Ke2 d5
39. Kd2 f4 40. exf4+ Kxf4 41. Ke2 g5 42. Kf2 h6 43. c4 dxc4 44. Rxc4+ Kf5
45. Rc2 Ra4 46. Ke3 h5 47. Kf2 g4 48. Rc5+ Kf4 49. fxg4 hxg4 50. Rc2 gxh3
51. Re2 Kg4 52. Kg1 Rf4 53. Re1 Ra4 54. Rf1 Kg3 55. Rf8 Rxa2 56. Rg8+ Kf3
57. Rf8+ Kg4 58. Rg8+ Kf5 59. Rf8+ Kg6 60. Rg8+ Kf7 61. Rg3 Ra1+
{White forfeits on time}
0-1

[Event "ICCopen2017"]
[Site "Internet Chess Club"]
[Date "2017.03.25"]
[Round "5"]
[White "parisian"]
[Black "centralsquare"]
[Result "1-0"]
[ICCResult "Black forfeits on time"]
[WhiteElo "1763"]
[BlackElo "1440"]
[Opening "Sicilian: Kan, 5.Bd3"]
[ECO "B42"]
[NIC "SI.42"]
[Time "14:52:20"]
[TimeControl "180+0"]

1. e4 c5 2. Nf3 e6 3. d4 cxd4 4. Nxd4 a6 5. Bd3 Nf6 6. O-O Bc5 7. Be3 Ba7 8.
c4 Nc6 9. Nxc6 dxc6 10. Bxa7 Rxa7 11. e5 Nd7 12. f4 Nc5 13. Bc2 Qxd1 14.
Rxd1 O-O 15. Nc3 b5 16. b4 Nd7 17. c5 Nb8 18. Ne4 a5 19. a3 axb4 20. axb4
Rxa1 21. Rxa1 Na6 22. Rb1 Nc7 23. Nd6 Nd5 24. g3 Bd7 25. Be4 Nc3 26. Ra1
Nxe4 27. Nxe4 Rb8 28. Ra7 Be8 29. Nd6 Kf8 30. g4 f6 31. Kf2 fxe5 32. fxe5 h6
33. h4 Bg6 34. Kg3 Be8 35. h5 Bg6 36. hxg6 h5 37. gxh5 Kg8 38. Kg4 Rf8 39.
h6 Rf1 40. h7+ {Black forfeits on time} 1-0

[Event "ICCopen2017"]
[Site "Internet Chess Club"]
[Date "2017.03.25"]
[Round "5"]
[White "ziggyalbert"]
[Black "Norgeman"]
[Result "0-1"]
[ICCResult "White forfeits on time"]
[WhiteElo "1295"]
[BlackElo "1522"]
[Opening "English: Carls' Bremen system"]
[ECO "A22"]
[NIC "EO.10"]
[Time "14:51:55"]
[TimeControl "180+0"]

1. c4 Nf6 2. Nc3 e5 3. g3 h5 4. Bg2 h4 5. Nf3 h3 6. Bf1 Bc5 7. Ng5 d6 8. e3
Bd7 9. d4 exd4 10. exd4 Qe7+ 11. Be3 Bb4 12. a3 Bxc3+ 13. bxc3 Nc6 14. Qd2
Na5 15. Rb1 b6 16. Nf3 Bf5 17. Rb2 Ne4 18. Qc1 O-O-O 19. Bd3 g6 20. O-O Kb8
21. Ng5 f6 22. Nxe4 Bxe4 23. Be2 Rde8 24. f3 Bc6 25. d5 Ba4 26. Bd2 Nb3 27.
Qe1 Qxe2 28. Qxe2 Rxe2 29. Rd1 Rg2+ 30. Kh1 Re8 {White forfeits on time} 0-1

[Event "ICCopen2017"]
[Site "Internet Chess Club"]
[Date "2017.03.25"]
[Round "5"]
[White "Iandmyself"]
[Black "Colombiano07"]
[Result "1-0"]
[ICCResult "Black resigns"]
[WhiteElo "2494"]
[BlackElo "1991"]
[Opening "Sicilian: accelerated fianchetto, Gurgenidze variation"]
[ECO "B36"]
[NIC "SI.33"]
[Time "14:52:31"]
[TimeControl "180+0"]

1. e4 c5 2. Nf3 Nc6 3. d4 cxd4 4. Nxd4 g6 5. c4 Nf6 6. Nc3 Nxd4 7. Qxd4 d6
8. Bg5 Bg7 9. Qd2 Be6 10. Bd3 a5 11. O-O O-O 12. Rfe1 a4 13. Bh6 Bxh6 14.
Qxh6 Qa5 15. Qd2 Rfc8 16. Rad1 Bxc4 17. Bxc4 Rxc4 18. Qd3 Rac8 19. Nd5 Nxd5
20. exd5 R8c7 21. g3 Qb4 22. Re2 Rc1 23. Rxc1 Rxc1+ 24. Kg2 Rc7 25. h4 h5
26. Re4 Qxb2 27. Rxa4 Qc2 28. Ra8+ Kh7 29. Qd4 Rc8 30. Ra7 Qc5 31. Qxc5 dxc5
32. Rxb7 c4 33. Rb2 c3 34. Rc2 Kg7 35. Kf3 Kf6 36. Ke4 Rc7 37. Kd4 Kf5 38.
Rxc3 Ra7 39. Rf3+ Kg4 40. Rxf7 Rxa2 41. Rxe7 Rxf2 42. Re3 Kf5 43. d6 Rd2+
44. Kc5 Kf6 45. Kc6 {Black resigns} 1-0

[Event "ICCopen2017"]
[Site "Internet Chess Club"]
[Date "2017.03.25"]
[Round "5"]
[White "Darnoc"]
[Black "TerryR"]
[Result "1-0"]
[ICCResult "Black forfeits on time"]
[WhiteElo "2914"]
[BlackElo "2215"]
[Opening "Queen's pawn: Franco-Indian (Keres) defense"]
[ECO "A40"]
[NIC "QO.17"]
[Time "14:51:13"]
[TimeControl "180+0"]

1. d4 e6 2. c4 Bb4+ 3. Nc3 f5 4. Qb3 Bxc3+ 5. Qxc3 Nf6 6. g3 O-O 7. Bg2 d6
8. Nf3 Ne4 9. Qc2 Nd7 10. O-O Qe7 11. Nd2 Nxd2 12. Bxd2 Nf6 13. Rac1 e5 14.
c5 e4 15. cxd6 cxd6 16. f3 Re8 17. Bg5 exf3 18. Bxf3 h6 19. Bxf6 Qxf6 20.
Qd2 Re7 21. Rc3 Be6 22. e4 Rf8 23. Bg2 Qg6 24. Qf4 Bxa2 25. b3 Qf7 26. Qxd6
Re6 27. Qa3 Ra6 28. Qb2 Qd7 29. Rcf3 Rd8 30. d5 fxe4 31. Rf7 Qxf7 32. Rxf7
Kxf7 33. Bxe4 Re8 34. Bd3 Ra5 35. d6 Rd8 36. Bc4+ Kg6 37. b4 Bxc4 38. bxa5
Bd5 39. Qe5 Bc6 40. g4 Kh7 41. Qf5+ Kh8 42. Qf4 Rd7 43. h4 Kg8 44. g5 hxg5
45. hxg5 Rf7 46. Qe5 Rd7 47. g6 Kf8 48. Qe6 a6 49. Kh2 Bb5 50. Kg3 Bc6 51.
Kf4 Bb5 52. Ke5 Bc6 53. Qf5+ Ke8 54. Ke6 Re7+ 55. dxe7 Bd7+ 56. Ke5 Bxf5 57.
Kxf5 Kxe7 58. Ke5 Kd7 59. Kd5 Ke7 60. Kc5 Kf6 61. Kb6 Kxg6 62. Kxb7 Kf7 63.
Kxa6 g5 64. Kb5 g4 65. a6 g3 66. a7 g2 67. a8=Q g1=Q 68. Qb7+ Kg6 69. Qc6+
Kh5 70. Qd5+ Kg4 71. Qc4+ Kh3 72. Qc6 Kh2 73. Qc4 Qg2 74. Kb4 Kg1 75. Qc3
Qf1 76. Qd4+ Qf2 77. Qd5 Qg2 78. Qd4+ Kh2 79. Qc3 Qg3 80. Qc2+ Qf2 81. Kb3
Kg1 82. Qc4 Kg2 83. Qc2 {Black forfeits on time} 1-0

[Event "ICCopen2017"]
[Site "Internet Chess Club"]
[Date "2017.03.25"]
[Round "5"]
[White "leonardoalmeida"]
[Black "Templar-Assasin"]
[Result "0-1"]
[ICCResult "White resigns"]
[WhiteElo "1913"]
[BlackElo "2601"]
[Opening "Van't Kruijs opening"]
[ECO "A00"]
[Time "14:52:11"]
[TimeControl "180+0"]

1. e3 Nf6 2. b3 g6 3. Bb2 Bg7 4. d4 O-O 5. Be2 b6 6. Nf3 Bb7 7. O-O d6 8.
Nbd2 Nbd7 9. c4 c5 10. d5 b5 11. cxb5 Nxd5 12. Bxg7 Kxg7 13. Qc2 N7f6 14. a4
a6 15. bxa6 Bxa6 16. Bxa6 Rxa6 17. Rfd1 Qa8 18. h3 Rb8 19. Qc4 Rb4 20. Qc2
Rb8 21. Qc4 Rb4 22. Qc2 Nc7 23. Qc3 Ne6 24. Qc2 Rab6 25. Qc3 Kg8 26. Rdc1
Rb8 27. Rd1 Ne4 28. Nxe4 Qxe4 29. Nd2 Qb7 30. Rdc1 Nc7 31. Qc2 Nd5 32. Ra3
Nf6 33. Raa1 Ne4 34. Nxe4 Qxe4 35. Qxe4 Rxe4 36. Rc3 Reb4 37. Ra3 Kf8 38.
Kf1 Ke8 39. Ke2 Kd7 40. Kd2 Kc6 41. Kc2 d5 42. Ra1 e5 43. g3 f5 44. h4 h5
45. Rd3 c4 46. bxc4 dxc4 47. Rd2 Rb2+ 48. Kc3 R2b3+ 49. Kc2 Kc5 50. a5 Rb2+
51. Kd1 c3 52. Rc2 Kc4 53. a6 Kd3 54. Rxb2 cxb2 55. Rb1 Kc3 56. a7 Ra8 57.
Ke2 Rxa7 58. Kd1 Ra1 59. Rxa1 bxa1=Q+ 60. Ke2 e4 61. f3 Qa2+ 62. Ke1 exf3
{White resigns}
0-1

[Event "ICCopen2017"]
[Site "Internet Chess Club"]
[Date "2017.03.25"]
[Round "5"]
[White "geom"]
[Black "fiume"]
[Result "0-1"]
[ICCResult "White forfeits on time"]
[WhiteElo "1606"]
[BlackElo "1923"]
[Opening "French: advance variation"]
[ECO "C02"]
[NIC "FR.03"]
[Time "14:52:00"]
[TimeControl "180+0"]

1. e4 e6 2. d4 d5 3. e5 c5 4. c3 Ne7 5. Nf3 Nec6 6. Bd3 Qb6 7. O-O Nd7 8. a3
cxd4 9. cxd4 Nxd4 10. Nxd4 Qxd4 11. Nc3 Qxe5 12. Re1 Qb8 13. Nxd5 Bd6 14.
Qh5 Ne5 15. Bb5+ Nc6 16. Bd3 h6 17. Nc3 Ne5 18. Bb5+ Kf8 19. Ne4 Bc7 20. Be3
Kg8 21. Rad1 a6 22. Bf1 Ng6 23. Bc5 b6 24. Bd6 Bb7 25. Bxc7 Qxc7 26. Nd6 Rf8
27. Qe2 Bd5 28. Ne4 Bxe4 29. Qxe4 Rd8 30. Qf3 Kh7 31. Bd3 Rxd3
{White forfeits on time}
0-1

[Event "ICCopen2017"]
[Site "Internet Chess Club"]
[Date "2017.03.25"]
[Round "5"]
[White "ASidorov"]
[Black "Eigeneier"]
[Result "0-1"]
[ICCResult "White forfeits on time"]
[WhiteElo "2319"]
[BlackElo "1937"]
[Opening "Sicilian defense"]
[ECO "B40"]
[NIC "SI.43"]
[Time "14:51:40"]
[TimeControl "180+0"]

1. e4 c5 2. Nf3 e6 3. b3 d5 4. exd5 exd5 5. Bb5+ Bd7 6. Bxd7+ Qxd7 7. O-O
Nf6 8. Re1+ Be7 9. Ne5 Qc7 10. d4 O-O 11. Bf4 Bd6 12. dxc5 Qxc5 13. Nd3 Qc7
14. Bxd6 Qxd6 15. Nc3 Nc6 16. Ne2 Rac8 17. c3 Ne4 18. f3 Nf6 19. Qd2 Rfe8
20. Rad1 Rcd8 21. Nd4 Nxd4 22. cxd4 Qb6 23. Nc5 a6 24. g3 Qc6 25. Kg2 h6 26.
Rc1 Qb6 27. a3 Qb5 28. b4 a5 29. Nd3 axb4 30. axb4 Rc8 31. Ne5 Rxc1 32. Rxc1
g6 33. h4 Kg7 34. Rc7 Rf8 35. g4 Qb6 36. Qc3 Ne8 37. Rc5 Nd6 38. Rxd5 Nb5
39. Qd3 Nc7 40. Rc5 Na6 41. Rc4 Nxb4 42. Qb3 Nd5 43. Qxb6 Nxb6 44. Rc7 Na4
45. Rxb7 Nc3 46. h5 Nd5 47. Nxg6 Rd8 48. Ne5 Nf4+ 49. Kg3 Ne6 50. Rxf7+ Kg8
51. Rf6 Nxd4 52. Rg6+ Kf8 53. Rxh6 Ne2+ 54. Kh4 Ng1 55. Ng6+ Kf7 56. Rh7+
Kf6 57. Rh8 Nxf3+ 58. Kg3 Ne5 {White forfeits on time} 0-1

[Event "ICCopen2017"]
[Site "Internet Chess Club"]
[Date "2017.03.25"]
[Round "5"]
[White "Falstaf"]
[Black "ArchieGoodwin"]
[Result "1-0"]
[ICCResult "Black forfeits on time"]
[WhiteElo "2897"]
[BlackElo "2586"]
[Opening "Giuoco Pianissimo"]
[ECO "C50"]
[NIC "IG.02"]
[Time "14:51:43"]
[TimeControl "180+0"]

1. e4 e5 2. Nf3 Nc6 3. Bc4 Bc5 4. d3 Nf6 5. Bg5 h6 6. Bh4 Be7 7. Nbd2 d6 8.
a4 O-O 9. Bg3 Kh8 10. O-O Nh7 11. a5 a6 12. c3 f5 13. exf5 Bxf5 14. Re1 Nf6
15. Qe2 Nh5 16. Bd5 Nf6 17. Bc4 Qd7 18. b4 Rae8 19. b5 axb5 20. Bxb5 Qc8 21.
a6 Bd7 22. Nh4 Rf7 23. a7 Qa8 24. Reb1 Nd8 25. Bc4 Be6 26. Bxe6 Nxe6 27. Ne4
Nd5 28. Qa2 b6 29. Ng6+ Kh7 30. Nxe7 Rfxe7 31. Qc2 Kh8 32. Ra3 Ndf4 33. Rba1
Nc5 34. f3 Nxe4 35. dxe4 Ne6 36. Bf2 Rd7 37. Be3 Ree7 38. Qd2 Nc5 39. Bxc5
dxc5 40. Qf2 c6 41. Qa2 b5 42. Ra6 b4 43. Qa5 bxc3 44. Qxc5 c2 45. Qxc2 Rxa7
46. Rxa7 Rxa7 47. Rc1 Ra1 48. h3 Qa3 49. Rxa1 Qxa1+ 50. Kh2 Qa6 51. Qc3 Qb5
52. h4 Kh7 53. h5 g6 54. hxg6+ Kxg6 55. Qd2 Qc5 56. Qd7 Qd4 57. Qf5+ Kg7 58.
Kh3 c5 59. Qg4+ Kf6 60. Qf5+ Ke7 61. Qh7+ Kd6 62. Qxh6+ Kc7 63. Qf8 Kb6 64.
Qb8+ Ka5 65. Qc8 Kb4 66. Qa8 c4 67. Qb7+ Kc3 68. Qc6 Kd2 69. Qa4 c3 70. Qa2+
c2 71. Qa5+ {Black forfeits on time} 1-0

[Event "ICCopen2017"]
[Site "Internet Chess Club"]
[Date "2017.03.25"]
[Round "5"]
[White "muhit"]
[Black "Chigorinetz"]
[Result "0-1"]
[ICCResult "White checkmated"]
[WhiteElo "1805"]
[BlackElo "1765"]
[Opening "QGD: Chigorin defense"]
[ECO "D07"]
[NIC "QP.08"]
[Time "14:52:22"]
[TimeControl "180+0"]

1. d4 d5 2. c4 Nc6 3. Nf3 Bg4 4. Ne5 Nxe5 5. dxe5 d4 6. Bf4 e6 7. Nd2 Ne7 8.
h3 Bh5 9. g4 Bg6 10. Bg2 Nc6 11. Qa4 Qd7 12. O-O h5 13. g5 h4 14. Rfd1 Be7
15. Nb3 Rd8 16. Qb5 Nb4 17. Qxb7 c5 18. a3 Qxb7 19. Bxb7 Nc2 20. Rac1 O-O
21. Rd2 Rb8 22. Na5 Bd8 23. Rdxc2 Bxc2 24. Rxc2 Bxa5 25. Be4 Rb3 26. Bd3
Rfb8 27. Bc1 Bc7 28. f4 f6 29. exf6 gxf6 30. g6 Kg7 31. Kg2 f5 32. Rd2 Kxg6
33. Rd1 Kf6 34. Kf3 Rg8 35. Kf2 Rg3 36. Rh1 a5 37. Bc2 Rb8 38. Ba4 Rbg8 39.
Bc6 e5 40. fxe5+ Bxe5 41. Bd2 d3 42. e3 f4 43. exf4 Bd4+ 44. Kf1 Rg1+ 45.
Rxg1 Rxg1# {White checkmated} 0-1

[Event "ICCopen2017"]
[Site "Internet Chess Club"]
[Date "2017.03.25"]
[Round "5"]
[White "sanguine"]
[Black "JRussell2"]
[Result "1-0"]
[ICCResult "Black forfeits on time"]
[WhiteElo "1022"]
[BlackElo "1020"]
[Opening "Sicilian"]
[ECO "B50"]
[NIC "SI.01"]
[Time "14:52:07"]
[TimeControl "180+0"]

1. e4 c5 2. Nf3 d6 3. Bc4 e6 4. d3 Nf6 5. O-O Be7 6. Nc3 Nc6 7. Bd2 O-O 8.
Re1 e5 9. Ng5 h6 10. Nxf7 Rxf7 11. Bxf7+ Kxf7 12. f4 Nd4 13. fxe5 dxe5 14.
Rf1 Be6 15. Ne2 Nxe2+ 16. Qxe2 Kg8 17. Bxh6 gxh6 18. Qe3 Qf8 19. Rf3 Kh7 20.
Raf1 b6 21. Rh3 c4 22. d4 exd4 23. Qg5 Qg7 24. Qh4 Rg8 25. g3 Qg5 26. Qxg5
Rxg5 27. Rh4 Rg4 28. Rxg4 Nxg4 29. Re1 Kg7 30. e5 Bf8 31. Re4 h5 32. Rxd4
Kg8 33. h3 Nh6 34. Rd8 Nf5 35. Ra8 a5 36. Ra6 Bc5+ 37. Kg2 Kg7 38. Ra7+ Kg6
39. g4 hxg4 40. hxg4 Nd4 41. Ra8 b5 42. Rh8 Kg7 43. Rh5 Kg6 44. Kg3 b4 45.
c3 bxc3 46. bxc3 Nc6 47. Kh4 Be7+ 48. Kg3 Na7 49. a4 Nb5 50. axb5 Bc5 51.
Kh4 Kf7 52. Rh7+ Kg6 53. Rh5 Kf7 54. Rh7+ Ke8 55. Rb7 {Black forfeits on
time} 1-0

[Event "ICCopen2017"]
[Site "Internet Chess Club"]
[Date "2017.03.25"]
[Round "5"]
[White "ShadowStorm"]
[Black "arbuzio"]
[Result "0-1"]
[ICCResult "White forfeits on time"]
[WhiteElo "1364"]
[BlackElo "1602"]
[Opening "Queen's pawn: Charlick (Englund) gambit"]
[ECO "A40"]
[NIC "QO.17"]
[Time "14:51:55"]
[TimeControl "180+0"]

1. d4 e5 2. e3 e4 3. f4 d5 4. c4 c6 5. cxd5 cxd5 6. Nc3 f5 7. a3 Nf6 8. b4
Bd6 9. Bd2 Qe7 10. Nb5 O-O 11. Nxd6 Qxd6 12. Rc1 Kh8 13. Ne2 a5 14. Qb3 axb4
15. Bxb4 Qb6 16. Rb1 Re8 17. Nc3 Na6 18. Na4 Qe6 19. Bxa6 bxa6 20. Nc5 Qf7
21. O-O Ng4 22. Rbc1 a5 23. Be1 Ba6 24. Nxa6 Rxa6 25. Qb5 Raa8 26. Bxa5 Reb8
27. Qc5 h6 28. Bb4 Nf6 29. Qd6 Rd8 30. Rc7 Qg6 31. Qe7 Rg8 32. Qc5 Ng4 33.
Qc3 Nf6 34. Qe1 Nh5 35. Qf2 Nf6 36. Rfc1 Ne8 37. R1c6 Qg4 38. Rc8 Nf6 39.
Rxa8 Rxa8 40. h3 Qd1+ 41. Kh2 Qa4 42. Qg3 Qxc6 43. Qg6 Qe8 44. Qg3 Qf7 45.
Bc5 Rg8 46. Qf2 g5 47. Qb2 gxf4 48. exf4 Qg6 49. a4 Qg3+ 50. Kh1 Nh5 51. a5
Nxf4 52. a6 Qxg2+ 53. Qxg2 Rxg2 54. a7 Ra2 55. a8=Q+ Rxa8 56. Bd6 Ra2 57.
Bxf4 e3 58. Bxe3 Ra1+ 59. Kh2 Ra3 60. Kg3 Rxe3+ 61. Kf4 Rd3 62. Ke5 Rxd4 63.
Kd6 Rd3 64. Kc6 Rd1 65. Kd6 Rh1 66. Ke6 Rxh3 67. Kf6 f4 68. Ke6 f3 69. Kxd5
f2 70. Ke4 f1=Q 71. Kd5 Qf8 72. Kc6 Rg3 73. Kb7 Rg7+ 74. Kb6 Qf6+ 75. Kb5
Qg5+ 76. Kc4 Rf7 77. Kd4 Rf5 {White forfeits on time} 0-1

[Event "ICCopen2017"]
[Site "Internet Chess Club"]
[Date "2017.03.25"]
[Round "5"]
[White "Buscapina"]
[Black "Sophiste"]
[Result "1-0"]
[ICCResult "Black checkmated"]
[WhiteElo "2139"]
[BlackElo "3205"]
[Opening "Alekhine's defense"]
[ECO "B02"]
[NIC "AL.10"]
[Time "14:51:52"]
[TimeControl "180+0"]

1. e4 Nf6 2. Nc3 d6 3. Nf3 c5 4. e5 dxe5 5. Nxe5 Nbd7 6. Nf3 b6 7. d4 cxd4
8. Nxd4 Bb7 9. Bb5 Qc7 10. O-O e6 11. Bg5 Bd6 12. Nf3 O-O-O 13. Qe2 Nc5 14.
Rfd1 h6 15. Bh4 g5 16. Bg3 Bxg3 17. hxg3 a6 18. Bc4 b5 19. Bb3 g4 20. Ne5 h5
21. Rxd8+ Rxd8 22. Qe3 Nfe4 23. Nxe4 Nxe4 24. Nd3 Kb8 25. Re1 Qc6 26. Ne5
Qc7 27. Qf4 f6 28. Nf7 e5 29. Qf5 Nd6 30. Qxf6 Nxf7 31. Qxf7 Qc6 32. f3 Qc5+
33. Kh2 gxf3 34. Qf6 Rd2 35. Rxe5 Rxg2+ 36. Kh3 Bc8+ 37. Be6 Qd6 38. Qf4
Bxe6+ 39. Rxe6 Qxf4 40. gxf4 Rxc2 41. Re3 f2 42. Kg2 Rxb2 43. f5 Rxa2 44. f6
f1=Q+ 45. Kxf1 Ra4 46. Rf3 Rd4 47. f7 Rd8 48. f8=Q Rxf8 49. Rxf8+ Kb7 50.
Ke2 Kb6 51. Kd3 Kc5 52. Kc3 a5 53. Rf5+ Kb6 54. Rxh5 Kc6 55. Kd4 Kb6 56.
Rh6+ Ka7 57. Kc5 b4 58. Rb6 Ka8 59. Kb5 b3 60. Kxa5 b2 61. Rxb2 Ka7 62. Rb6
Ka8 63. Kb5 Ka7 64. Kc6 Ka8 65. Kc7 Ka7 66. Rc6 Ka8 67. Ra6# {Black
checkmated} 1-0

[Event "ICCopen2017"]
[Site "Internet Chess Club"]
[Date "2017.03.25"]
[Round "5"]
[White "padrino"]
[Black "mkayem1"]
[Result "1-0"]
[ICCResult "Black forfeits on time"]
[WhiteElo "2691"]
[BlackElo "2062"]
[Opening "Queen's pawn game"]
[ECO "D00"]
[NIC "QP.08"]
[Time "14:52:21"]
[TimeControl "180+0"]

1. d4 d5 2. c3 Nf6 3. Bf4 c6 4. e3 Nbd7 5. Nd2 g6 6. Bd3 Bg7 7. h3 O-O 8.
Ngf3 b6 9. O-O c5 10. e4 Bb7 11. e5 Ne8 12. Re1 Nc7 13. Nf1 Ne6 14. Be3 h6
15. Qd2 Kh7 16. h4 cxd4 17. cxd4 h5 18. Ng3 Kg8 19. Bh6 Re8 20. Bxg7 Kxg7
21. Ng5 Ndf8 22. Nf3 a6 23. Rac1 b5 24. Ne2 Rc8 25. a3 Qb6 26. b4 Red8 27.
Qe3 Rc4 28. Bxc4 dxc4 29. Rcd1 Nc7 30. Nc3 Nd5 31. Nxd5 Bxd5 32. Ng5 Rc8 33.
Qc3 e6 34. Nh3 Qd8 35. g3 Bb7 36. d5 Bxd5 37. Nf4 Rc7 38. Nxd5 exd5 39. e6+
f6 40. Qd4 Re7 41. Qxd5 Qxd5 42. Rxd5 Nxe6 43. Rd6 Kf7 44. Rxa6 c3 45. Kg2
c2 46. Rc6 Nd4 47. Rxe7+ Kxe7 48. Rc3 Kd6 49. f3 Kd5 50. Kf2 g5 51. g4 hxg4
52. h5 f5 53. h6 Ke6 54. h7 g3+ 55. Kg2 g4 56. fxg4 f4 57. h8=Q
{Black forfeits on time}
1-0

[Event "ICCopen2017"]
[Site "Internet Chess Club"]
[Date "2017.03.25"]
[Round "5"]
[White "DroolingBaby"]
[Black "ibarra"]
[Result "1-0"]
[ICCResult "Black checkmated"]
[WhiteElo "2267"]
[BlackElo "2726"]
[Opening "Old Indian: Janowski variation"]
[ECO "A53"]
[NIC "OI.04"]
[Time "14:51:35"]
[TimeControl "180+0"]

1. d4 Nf6 2. c4 d6 3. Nc3 Bf5 4. f3 e5 5. dxe5 dxe5 6. Qxd8+ Kxd8 7. e4 Be6
8. Be3 c6 9. Nh3 h6 10. Be2 Nbd7 11. Nf2 a5 12. O-O Bc5 13. Bxc5 Nxc5 14.
Rfd1+ Kc7 15. Rac1 Rhd8 16. Nd5+ cxd5 17. cxd5 Kb6 18. dxe6 Nxe6 19. Bc4 Nd4
20. Kf1 Rd7 21. Nd3 Re8 22. a3 Nc6 23. b4 axb4 24. axb4 Red8 25. Ke2 Nh5 26.
g3 f6 27. Bd5 Nd4+ 28. Ke3 g5 29. Nc5 Re7 30. Na4+ Ka7 31. Rc5 Kb8 32. Nb6
Rc7 33. Rdc1 Rxc5 34. bxc5 Kc7 35. Rb1 Nc6 36. Nc4 f5 37. Nd6 f4+ 38. Kf2
Rb8 39. Rb6 Nd8 40. Nb5+ Kd7 41. Rxh6 fxg3+ 42. hxg3 Rc8 43. Rh7+ Nf7 44.
Rxf7+ Kd8 45. Be6 Rxc5 46. Nd6 Rc7 47. Nxb7+ Rxb7 48. Rxb7 Nf6 49. Rf7 Ne8
50. Rh7 g4 51. Bxg4 Nf6 52. Rf7 Ne8 53. Rf8 Ke7 54. Rxe8+ Kxe8 55. Ke3 Ke7
56. f4 Kd6 57. f5 Ke7 58. f6+ Kxf6 59. Kd3 Kg5 60. Bf5 Kf6 61. Kc4 Ke7 62.
Kd5 Kf6 63. Kd6 Kg5 64. Kxe5 Kh5 65. Kd6 Kh6 66. e5 Kg5 67. e6 Kxf5 68. e7
Kg4 69. e8=Q Kh3 70. Qe5 Kg4 71. Qf4+ Kh3 72. g4 Kg2 73. g5 Kh3 74. g6 Kg2
75. g7 Kh3 76. Qg5 Kh2 77. g8=Q Kh1 78. Qh8# {Black checkmated} 1-0

[Event "ICCopen2017"]
[Site "Internet Chess Club"]
[Date "2017.03.25"]
[Round "5"]
[White "herbyeddy"]
[Black "Step2Me"]
[Result "0-1"]
[ICCResult "White forfeits on time"]
[WhiteElo "1487"]
[BlackElo "1377"]
[Opening "Two knights defense"]
[ECO "C57"]
[NIC "KP.01"]
[Time "14:52:11"]
[TimeControl "180+0"]

1. e4 e5 2. Nf3 Nc6 3. Bc4 Nf6 4. Ng5 b5 5. Bxb5 Be7 6. d3 O-O 7. Nf3 d5 8.
exd5 Nd4 9. Nxd4 exd4 10. c4 dxc3 11. Nxc3 Bd6 12. O-O Ng4 13. h3 Qh4 14.
Ne4 Ne5 15. Nxd6 cxd6 16. d4 Nd7 17. Be3 Rb8 18. a4 a6 19. Bxd7 Bxd7 20. Qd2
Qh5 21. Qa5 Rxb2 22. Qxa6 Qg6 23. Kh2 Bf5 24. Bf4 Be4 25. Bg3 f5 26. Qxd6
Qxd6 27. Bxd6 Rd8 28. Be5 Rxd5 29. f3 Bd3 30. Rfd1 Ba6 31. Rab1 Rxb1 32.
Rxb1 Ra5 33. Rb4 Kf7 34. Kg3 g5 35. h4 Kg6 36. hxg5 Kxg5 37. f4+ Kg6 38.
Rb6+ Kf7 39. Rb4 Ke6 40. Kh4 Kd5 41. Kg5 Ke4 42. g4 h6+ 43. Kxh6 Bd3 44. g5
Bc2 45. g6 Bxa4 46. g7 Be8 {White forfeits on time} 0-1

[Event "ICCopen2017"]
[Site "Internet Chess Club"]
[Date "2017.03.25"]
[Round "5"]
[White "sloeber84"]
[Black "GOODZYLLA"]
[Result "1-0"]
[ICCResult "Black forfeits on time"]
[WhiteElo "1928"]
[BlackElo "1676"]
[Opening "Sicilian: Smith-Morra gambit"]
[ECO "B21"]
[NIC "SI.48"]
[Time "14:52:02"]
[TimeControl "180+0"]

1. e4 c5 2. d4 cxd4 3. c3 dxc3 4. Nxc3 Nc6 5. Nf3 d6 6. Bc4 e6 7. O-O Be7 8.
Qe2 a6 9. Rd1 b5 10. Bb3 Ra7 11. Nd4 Nxd4 12. Rxd4 Rd7 13. f4 Nf6 14. Kh1
O-O 15. Be3 Bb7 16. Rf1 Qa8 17. f5 e5 18. Rd5 Nxe4 19. f6 Nxf6 20. Rd3 d5
21. Bg5 e4 22. Rh3 Rd6 23. Bf4 Re6 24. Be3 b4 25. Na4 a5 26. Bd4 Ba6 27. Qf2
Bxf1 28. Qxf1 Qc6 29. Re3 Rc8 30. Re1 Ng4 31. Qf5 Bf6 32. Bc5 Nh6 33. Qh3
Be7 34. Be3 f5 35. Bxh6 Rxh6 36. Qxf5 Rf6 37. Bxd5+ Qxd5 38. Qxd5+ Kh8 39.
h3 Rcf8 40. Qxe4 Bd6 41. g4 Rf1+ 42. Rxf1 Rxf1+ 43. Kg2 Rf8 44. Qd5 Bc7 45.
Nc5 Bd8 46. Ne6 Be7 47. Nxf8 Bxf8 48. Qf7 h6 49. Qxf8+ Kh7 50. h4 h5 51. g5
g6 52. Qf7+ Kh8 53. Qxg6 a4 54. Qf6+ Kg8 55. g6 b3 56. Qf7+
{Black forfeits on time}
1-0

[Event "ICCopen2017"]
[Site "Internet Chess Club"]
[Date "2017.03.25"]
[Round "5"]
[White "UAE2002"]
[Black "TrendFriend"]
[Result "1-0"]
[ICCResult "Black forfeits on time"]
[WhiteElo "1968"]
[BlackElo "2353"]
[Opening "Old Benoni defense"]
[ECO "A43"]
[NIC "OI.09"]
[Time "14:52:00"]
[TimeControl "180+0"]

1. d4 c5 2. Nf3 cxd4 3. Nxd4 d5 4. Nb3 e5 5. g3 Nf6 6. Bg2 Nc6 7. O-O Be7 8.
Bg5 Be6 9. e3 O-O 10. Nc3 d4 11. exd4 exd4 12. Ne4 Nxe4 13. Bxe7 Nxf2 14.
Bxd8 Nxd1 15. Bxc6 bxc6 16. Raxd1 Bxb3 17. axb3 Rfxd8 18. Rf4 c5 19. Rf5
Rac8 20. Ra1 Rc7 21. Ra5 Rdc8 22. Kf1 g6 23. Rd5 Kg7 24. Ke2 Kf6 25. Rd6+
Ke5 26. Rda6 Kd5 27. Kd3 Re8 28. Rxa7 Rxa7 29. Rxa7 Re3+ 30. Kd2 Rf3 31. Ke2
Rf5 32. Rd7+ Ke6 33. Rc7 h5 34. Rc6+ Kd5 35. Rc8 Re5+ 36. Kf2 Ke4 37. Rc6
Rf5+ 38. Ke2 Kd5 39. Rc8 Re5+ 40. Kf2 Rf5+ 41. Ke2 h4 42. gxh4 Rf4 43. Rf8
Ke6 44. Rh8 Kf6 45. Kd3 Rg4 46. b4 cxb4 47. Rb8 Rxh4 48. Rxb4 Rh3+ 49. Kxd4
Rxh2 50. Rb6+ Kg7 51. c4 Rd2+ 52. Kc3 Rd1 53. Kc2 Rd4 54. Kc3 Rd8 55. c5 g5
56. b4 f6 57. Ra6 Kg6 58. Ra1 Rh8 59. c6 Rh3+ 60. Kc4 Rh8 61. Kc5 g4 62. b5
Kg5 63. b6 f5 64. c7 Rg8 65. Kc6 Rg6+ 66. Kb7 {Black forfeits on time} 1-0